 Dungeon Crawl Stone Soup version 0.27-a0-1200-g94dc6ad4cf (webtiles) character file.

Game seed: 13256430148401794842

146 freelancePsychic the Poker (level 5, -10/41 HPs)
             Began as a Demonspawn Abyssal Knight on May 31, 2021.
             Was a Believer of Lugonu.
             Mangled by Menkaure (15 damage)
             ... on level 4 of the Dungeon.
             The game lasted 00:05:40 (3796 turns).

freelancePsychic the Poker (DsAK)                   Turns: 3796, Time: 00:05:41

Health: -10/41     AC:  9    Str: 14    XL:     5   Next: 7%
Magic:  6/6        EV:  9    Int: 13    God:    Lugonu [**....]
Gold:   97         SH:  0    Dex: 12    Spells: 4/4 levels left

rFire    . . .     SeeInvis .   a - +0 trident
rCold    . . .     Faith    .   (no shield)
rNeg     . . .     Spirit   .   k - +0 scale mail
rPois    .         Reflect  .   (no helmet)
rElec    .         Harm     .   (no cloak)
rCorr    .         Rampage  .   (no gloves)
Will     .....                  g - +0 pair of boots
Stlth    ..........             (no amulet)
HPRegen  0.13/turn              (no ring)
MPRegen  0.10/turn              (no ring)

@: invisible
A: molten scales 1, ignite blood 2
a: Renounce Religion, Depart the Abyss, Bend Space


You were on level 4 of the Dungeon.
You worshipped Lugonu.
Lugonu was pleased with you.
You visited 1 branch of the dungeon, and saw 4 of its levels.
You visited the Abyss 1 time.

You collected 97 gold pieces.

Inventory:

Hand Weapons
 a - a +0 trident (weapon)
 b - a +0 hunting sling of flaming
 e - a +1 spear
Missiles
 j - 27 stones
Armour
 g - a +0 pair of boots (worn)
 i - a +0 leather armour
 k - a +0 scale mail (worn)
Wands
 l - a wand of charming (8)
Scrolls
 c - a scroll of fog {unknown}
 f - a scroll of enchant armour {unknown}
 m - a scroll of immolation {unknown}
 n - 2 scrolls of identify {unknown}
 o - a scroll of amnesia {unknown}
 p - a scroll of teleportation {@r4}
Potions
 h - a potion of curing {unknown}


   Skills:
 - Level 3.0 Fighting
 * Level 4.8 Polearms
 - Level 1.7 Armour
 - Level 0.8 Dodging
 - Level 2.4 Invocations


You had 4 spell levels left.
You didn't know any spells.
Your spell library contained the following spells:

 Spells                   Type           Power      Damage    Failure   Level
 Sandblast                Erth           0%         2d4       78%         1
 Passwall                 Tmut/Erth      0%         N/A       89%         2
 Stone Arrow              Conj/Erth      0%         3d7       98%         3
 Petrify                  Tmut/Erth      0%         N/A       100%        4
 Lee's Rapid Deconstruct  Erth           0%         3d5*      100%        5


Dungeon Overview and Level Annotations

Branches:
Dungeon (4/15)
 Temple: D:4-7

Altars:

Annotations:
D:3 1 runed translucent door, Zellion's ghost, amateur OgFi
D:4 Menkaure


Innate Abilities, Weirdness & Mutations

You are partially covered in molten scales. (AC +2)
Your demonic aura often causes spilled blood to erupt in flames.


Message History

Menkaure is moderately damaged.
Menkaure calls on the powers of darkness!
Your body is wracked with pain!
* * * LOW HITPOINT WARNING * * *
Reach: a) +0 trident
Press: ? - help, Dir - move target, f/p - Menkaure
Aim: Menkaure (moderately damaged, about 26% to evade your +0 trident)
Okay, then.
You climb upwards.
Level annotation: 1 runed translucent door, Zellion's ghost, amateur OgFi
There is a stone staircase leading down here.
You start resting.
HP restored.
You climb downwards.
Level annotation: Menkaure
There is a stone staircase leading up here.
Menkaure is nearby!
Menkaure mumbles some strange words.
Menkaure seems to speed up.
There is a stone staircase leading up here.
Menkaure gestures at you while chanting.
Pain shoots through your body!
Reach: a) +0 trident
Press: ? - help, Dir - move target, f - Menkaure
Aim: Menkaure (fast, about 27% to evade your +0 trident)
You reach to attack!
You barely miss Menkaure.
Menkaure murmurs, "Let me perform the rites..."
Reach: a) +0 trident
Press: ? - help, Dir - move target, f/p - Menkaure
Aim: Menkaure (fast, about 27% to evade your +0 trident)
You hit Menkaure.
Menkaure is lightly damaged.
Menkaure hits you! Menkaure hits you.
You hit Menkaure but do no damage.
Menkaure is lightly damaged.
Menkaure hits you!!
* * * LOW HITPOINT WARNING * * *
You fade into invisibility!
Menkaure hits you!
You die...

########
##......##
##........##
#..........#
#..........#
#.......M@.#
#.......○.##
#......<°.#
##......<.#
#......°..#
#.........#
#........##
#........#
##........#


You could see Menkaure (fast).

Vanquished Creatures
  Jessica (D:2)
  Natasha (D:1)
  An adder (D:2)
  9 dart slugs (D:3)
  An orc (D:3)
  2 bats
  5 endoplasms
  3 giant cockroaches (D:1)
  9 goblins
  5 hobgoblins
  4 jackals (D:1)
  2 quokkas (D:1)
  6 ball pythons
  3 frilled lizards
  6 kobolds
  4 rats
62 creatures vanquished.

Notes
Turn   | Place    | Note
-------+----------+-------------------------------------------
     0 | Abyss:1  | freelancePsychic the Demonspawn Abyssal Knight began the
                  | quest for the Orb.
     0 | Abyss:1  | Reached XP level 1. HP: 18/18 MP: 2/2
    87 | Abyss:1  | Noticed an apocalypse crab
    88 | D:1      | Escaped the Abyss
   147 | D:1      | Found a faded altar of an unknown god.
   222 | D:1      | Reached skill level 2 in Polearms
   440 | D:1      | Gained mutation: You are partially covered in molten
                  | scales. (AC +2) [demonic ancestry]
   440 | D:1      | Reached XP level 2. HP: 24/24 MP: 3/3
   691 | D:1      | Reached * piety under Lugonu
   801 | D:1      | Reached skill level 3 in Polearms
   961 | D:1      | Reached XP level 3. HP: 29/29 MP: 4/4
  1255 | D:2      | Noticed Natasha
  1267 | D:1      | Killed Natasha
  1895 | D:2      | Reached skill level 4 in Polearms
  1895 | D:2      | Gained mutation: Your demonic aura sometimes causes spilled
                  | blood to erupt in flames. [demonic ancestry]
  1895 | D:2      | Reached XP level 4. HP: 32/35 MP: 5/5
  2174 | D:2      | Noticed Jessica
  2186 | D:2      | Killed Jessica
  2635 | D:3      | Found a runed translucent door.
  2638 | D:3      | Noticed Zellion's ghost (amateur OgFi)
  3023 | D:3      | Gained mutation: Your demonic aura often causes spilled
                  | blood to erupt in flames. [demonic ancestry]
  3023 | D:3      | Reached XP level 5. HP: 41/41 MP: 6/6
  3023 | D:3      | Reached ** piety under Lugonu
  3328 | D:4      | Noticed Menkaure
  3796 | D:4      | Mangled by Menkaure

Illustrated notes

Levels and vault maps discovered:
D:1:      giann_horns, layout_loops_corners, chequers_ecumenical_altar_twisty,
          serial_bayou_crossing
D:2:      layout_basic, uniq_jessica, uniq_natasha
D:3:      kennysheep_slugbush, layout_basic, ebering_ghost_sewer_d
D:4:      minmay_clustersquares, layout_rooms, serial_shops, kennysheep_mini,
          kennysheep_diamond, uniq_menkaure

Skill      XL: |  1  2  3 |
---------------+----------+-----
Polearms       | 2 3 4 |  4.8
Fighting       | |  3.0
Armour         | |  1.7
Dodging        | |  0.8
Invocations    | |  2.4

Action                   |  1- 3 |  4- 6 || total
-------------------------+-------+-------++-------
Melee: Spear             |    18 |       ||    18
       Trident           |    87 |   100 ||   187
Invok: Depart the Abyss  |     1 |       ||     1
  Use: Potion            |     1 |     1 ||     2
       Scroll            |     1 |       ||     1
 Stab: Sleeping          |     3 |     1 ||     4
Armor: Leather armour    |    30 |    17 ||    47
       Scale mail        |       |     4 ||     4
Dodge: Dodged            |    48 |    27 ||    75

Table legend: (Time is in decaauts)
 A = Elapsed time spent in this place.
 B = Non-inter-level travel time spent in this place.
 C = Inter-level travel time spent in this place.
 D = Time resting spent in this place.
 E = Time spent auto-exploring this place.
 F = Levels seen in this place.
 G = Mean time per level.
                   A        B        C        D        E       F      G
               +--------+--------+--------+--------+--------+-----+--------+
         Total |   3834 |   3703 |    131 |    715 |   2530 |   5 |  766.8 |
       Dungeon |   3746 |   3615 |    131 |    715 |   2445 |   4 |  936.5 |
         Abyss |     88 |     88 |      0 |      0 |     85 |   1 |   88.0 |
               +--------+--------+--------+--------+--------+-----+--------+

Top non-repeatable levels by time:
     D:1: 1478 daAuts
     D:3: 1246 daAuts
     D:2: 926 daAuts
     D:4: 95 daAuts
 Abyss:1: 88 daAuts
